 Dungeon Crawl Stone Soup version 0.26.1-11-gd32895ea62 (webtiles) character file.

Game seed: 8810662523935851768

39 mankey1987 the Skirmisher (level 3, -4/40 HPs)
             Began as an Ogre Monk on May 28, 2021.
             Killed from afar by a white imp (6 damage)
             ... with a puff of frost
             ... summoned by Natasha
             ... on level 2 of the Dungeon.
             The game lasted 00:01:46 (1586 turns).

mankey1987 the Skirmisher (Ogre Monk)               Turns: 1586, Time: 00:01:47

Health: -4/40      AC:  3    Str: 15    XL:     3   Next: 45%
Magic:  3/3        EV: 11    Int: 11    God:
Gold:   42         SH:  0    Dex: 12    Spells: 2/2 levels left

rFire    . . .     SeeInvis .   a - +0 mace
rCold    . . .     Faith    .   (no shield)
rNeg     . . .     Spirit   .   b - +0 robe
rPois    .         Reflect  .   (helmet restricted)
rElec    .         Harm     .   (no cloak)
rCorr    .         Rampage  .   (gloves unavailable)
Will     .....                  (boots unavailable)
Stlth    ++........             (no amulet)
HPRegen  0.13/turn              (no ring)
MPRegen  0.08/turn              (no ring)

@: no status effects
A: large, unfitting armour, tough skin 1
a: no special abilities


You were on level 2 of the Dungeon.
You visited 1 branch of the dungeon, and saw 2 of its levels.

You collected 42 gold pieces.

Inventory:

Hand Weapons
 a - a +0 mace (weapon)
Armour
 b - a +0 robe (worn)
Scrolls
 c - a scroll of remove curse {unknown}
 d - 2 scrolls of identify {unknown}
 e - 2 scrolls of magic mapping {unknown}
 f - 2 scrolls of blinking {unknown}
 h - a scroll of fog {unknown}


   Skills:
 + Level 4.5 Fighting
 * Level 3.4 Maces & Flails
 + Level 3.0 Dodging
 - Level 1.4 Stealth


You had 2 spell levels left.
You didn't know any spells.
Your spell library was empty.

Dungeon Overview and Level Annotations

Branches:
Dungeon (2/15)

Altars:
Ashenzari
Dithmenos
Yredelemnul

Annotations:
D:2 Natasha


Innate Abilities, Weirdness & Mutations

You are too large for most types of armour.
You have tough skin. (AC +1)


Message History

It was a potion of curing.
You feel better. The shadow imp hits you. The white imp misses you.
You hear some strange, mumbled words.
You feel yourself slow down.
It was a potion of cancellation.
Your magical effects are unravelling.
You feel magically purged.
You feel yourself speed up. The shadow imp closely misses you.
The white imp gestures at you. The puff of frost misses you.
Something claws you! The shadow imp hits you. The white imp gestures at you.
The puff of frost hits you!
* * * LOW HITPOINT WARNING * * *
You hit something. Something claws you.
* * * LOW HITPOINT WARNING * * *
The shadow imp hits you but does no damage.
The white imp gestures at you. The puff of frost hits you.
You die...

....# ....# #.# ##.#.#
....# #.# ..#.# #
....####.#####.#.#####.#
.......#.##.......$.....
.. #....#............. #
# #.................
##8#####........@{......
≈≈_#...#..†.....55......
≈..##....#.........$?...
...####..#...........(..
.._8# ##.##.##.##.....(.
...####..##.##.# .......
≈..##....##.##.# .......
≈≈_#...#†##.##.# .......
##8#####.##.#


You could see a white imp (summoned) and a shadow imp (summoned).

Vanquished Creatures
  2 giant cockroaches (D:2)
  6 goblins (D:1)
  4 hobgoblins
  3 jackals (D:2)
  2 quokkas (D:2)
  A ball python (D:2)
  7 bats
  A frilled lizard (D:1)
  4 kobolds
  3 rats
33 creatures vanquished.

Notes
Turn   | Place    | Note
-------+----------+-------------------------------------------
     0 | D:1      | mankey1987 the Ogre Monk began the quest for the Orb.
     0 | D:1      | Reached XP level 1. HP: 24/24 MP: 1/1
   417 | D:1      | Reached XP level 2. HP: 31/32 MP: 2/2
   851 | D:1      | Reached XP level 3. HP: 37/40 MP: 3/3
  1524 | D:2      | Found a basalt altar of Yredelemnul.
  1524 | D:2      | Found a shadowy altar of Dithmenos.
  1524 | D:2      | Found a broken altar of Ashenzari.
  1576 | D:2      | Noticed Natasha
  1586 | D:2      | HP: 2/40 [something (6)]
  1586 | D:2      | Killed from afar by a white imp

Illustrated notes

Levels and vault maps discovered:
D:1:      doesnt_arrival_eight_statues, layout_loops_cross, serial_park_tiny_2,
          minmay_tetromino_l2
D:2:      layout_basic, gammafunk_temple_overflow_claw, uniq_natasha

Skill      XL: |  1  2 |
---------------+-------+-----
Maces & Flails | 3 |  3.4
Dodging        | 3 |  3.0
Fighting       | |  4.5
Stealth        | |  1.4

Action                   || total
-------------------------++-------
Melee: Mace              ||    96
  Use: Potion            ||     2
 Stab: Sleeping          ||     1
Armor: Robe              ||    44
Dodge: Dodged            ||    79
